 Dungeon Crawl Stone Soup version 0.29.1-15-g9cfb28693d (webtiles) character file.

Game seed: 1689299021298821103

453 pokedragonboy the Magician (level 7, -4/45 HPs)
             Began as a Djinni Fire Elementalist on Mar 13, 2023.
             Slain by Edmund
             ... wielding a +4 flail of protection
              (10 damage)
             ... on level 4 of the Dungeon.
             The game lasted 00:08:32 (5482 turns).

pokedragonboy the Magician (DjFE)                   Turns: 5482, Time: 00:08:32

Health: -4/45      AC:  3    Str:  7    XL:     7   Next: 26%
Gold:   227        EV: 13    Int: 19    God:
                   SH:  0    Dex: 13

rFire   + + .      SeeInvis .   t - +0 war axe (elec)
rCold   x . .      Faith    .   (no shield)
rNeg    . . .      Spirit   .   a - +0 robe
rPois   ∞          Reflect  .   (no helmet)
rElec   .          Harm     .   w - +0 cloak
rCorr   .          Rampage  .   (no gloves)
Will    .....                   (boots unavailable)
Stlth   ++........              (no amulet)
HPRegen 0.15/turn               (no ring)
MPRegen 0.00/turn               (no ring)

@: flying
A: sickness immunity, fire resistance 2, cold vulnerability 1, float, innate
caster, HP casting, extra vitality 1
a: no special abilities


You were on level 4 of the Dungeon.
You visited 1 branch of the dungeon, and saw 5 of its levels.

You collected 227 gold pieces.

Inventory:

Hand Weapons
 t - a +0 war axe of electrocution (weapon)
 v - a +2 dagger of venom
Missiles
 p - a throwing net
Armour
 a - a +0 robe (worn)
 i - a scarf of harm
 w - a +0 cloak (worn)
Wands
 s - a wand of flame (40)
 A - a wand of charming (4)
Scrolls
 b - a scroll of summoning {unknown}
 d - 3 scrolls of blinking {unknown}
 g - a scroll of brand weapon {unknown}
 h - a scroll of amnesia {unknown}
 j - 4 scrolls of immolation {unknown}
 k - 2 scrolls of vulnerability {unknown}
 m - a scroll of magic mapping {unknown}
 n - a scroll of butterflies {unknown}
 o - 4 scrolls of identify {unknown}
 q - a scroll of noise {unknown}
 r - a scroll of acquirement {unknown}
 y - a scroll of fear {unknown}
 z - a scroll of torment {unknown}
 B - a scroll of poison {unknown}
 C - a scroll of enchant armour {unknown}
Potions
 c - a potion of degeneration {unknown}
 e - 2 potions of flight {unknown}
 f - 2 potions of curing {unknown}
 l - a potion of brilliance {unknown}
 u - 2 potions of ambrosia {unknown}
 x - a potion of might {unknown}


   Skills:
 - Level 3.3 Dodging
 - Level 2.6 Stealth
 * Level 5.3 Spellcasting


You couldn't memorise any spells.
You knew the following spells:

 Your Spells              Type           Power      Damage    Failure   Level
a - Foxfire               Conj/Fire      100%       2x1d9     1%          1
b - Scorch                Fire           50%        2d8       1%          2
c - Conjure Flame         Conj/Fire      25%        6-21      4%          3
d - Inner Flame           Hex/Fire       25%        N/A       4%          3
e - Flame Wave            Conj/Fire      25%        2d8       13%         4
f - Slow                  Hex            100%       N/A       1%          1
g - Wereblood             Tmut           25%        N/A       1%          2
H - Portal Projectile     Hex/Tloc       50%        N/A       4%          3
Your spell library was empty.

Dungeon Overview and Level Annotations

Branches:
Dungeon (5/15)
 Temple: D:4-7

Altars:
Okawaru
Ru
Trog

Annotations:
D:4 Edmund


Innate Abilities, Weirdness & Mutations

You are immune to sickness and miasma.
You are immune to poison.
Your flesh is very heat resistant. (rF++)
You are vulnerable to cold. (rC-)
You float through the air rather than walking.
You learn spells naturally, not from books.
Your magical power is your life essence.
You have superior vitality. (+4 MHP)


Message History

Edmund hits you with a +4 flail of protection!
Unknown command.
Casting: Scorch (safe; 1% risk of failure)
Confirm with . or Enter, or press ? or * to list all spells.
Flames lash Edmund.
Edmund is lightly wounded.
Edmund hits you with a +4 flail of protection!
* * * LOW HITPOINT WARNING * * *
You fly upwards.
There is a stone staircase leading down here.
Okay, then.
Edmund is no longer more vulnerable to fire.
Casting: Scorch (safe; 1% risk of failure)
Confirm with . or Enter, or press ? or * to list all spells.
You miscast Conjure Flame.
You are very lightly contaminated with residual magic.
Nothing appears to happen.
* * * LOW HITPOINT WARNING * * *
Casting: Conjure Flame (dangerous; 4% risk of failure)
Confirm with . or Enter, or press ? or * to list all spells.
The fire begins to smoulder!
* * * LOW HITPOINT WARNING * * *
Your magical contamination has completely faded away.
The fire ignites!
Edmund is nearby!
Edmund says, "A flail is better than a scythe, any day of the week!"
Casting: Conjure Flame (dangerous; 4% risk of failure)
Confirm with . or Enter, or press ? or * to list all spells.
The fire begins to smoulder!
* * * LOW HITPOINT WARNING * * *
The fire ignites!
Edmund is engulfed in blazing flames.
Edmund says, "I might not be good at magic, but I can still kill you!"
Casting: Conjure Flame (dangerous; 4% risk of failure)
Confirm with . or Enter, or press ? or * to list all spells.
Flames lash Edmund.
Edmund completely resists.
* * * LOW HITPOINT WARNING * * *
Edmund attacks as you move away!
Edmund hits you with a +4 flail of protection!
You die...

.#.......# ##......##
#####....# #........##
#.....### #.........##
#.......## #..........## ##
#........## #...........# ##.
#.........# #...........###..
#.........####...........##...
##..........@####.......#.....
#........###@..########......
#........# ####.."####.......
##......## ####....##.....
#......# ###..###....
##.....## ##.# #.... ##.######
#.###.... #..# #..###... ##)##
##.# #[.. ###.## #.###...


You could see Edmund.

Vanquished Creatures
  Sigmund (D:3)
  A necrophage (D:4)
  A jelly (D:4)
  Ijyb (D:3)
  An iguana (D:4)
  7 adders
  2 worms (D:2)
  4 dart slugs
  5 orcs
  5 ball pythons
  11 endoplasms
  7 giant cockroaches
  5 goblins
  7 hobgoblins
  7 kobolds
  3 quokkas
  2 bats (D:1)
  5 frilled lizards
  4 rats
79 creatures vanquished.

Vanquished Creatures (others)
  344 foxfires
344 creatures vanquished.

Grand Total: 423 creatures vanquished

Notes
Turn   | Place    | Note
-------+----------+-------------------------------------------
     0 | D:1      | pokedragonboy the Djinni Fire Elementalist began the quest
                  | for the Orb.
     0 | D:1      | pokedragonboy set off with the following spells memorised:
                  | Foxfire, Scorch, Conjure Flame, Inner Flame, Flame Wave.
     0 | D:1      | Reached XP level 1. HP: 15/15 MP: 0/0
   357 | D:1      | Reached XP level 2. HP: 19/21 MP: 0/0
  1235 | D:1      | Reached XP level 3. HP: 23/25 MP: 0/0
  1235 | D:1      | Learned a level 1 spell: Slow
  1932 | D:2      | Found a sacrificial altar of Ru.
  2007 | D:2      | Reached XP level 4. HP: 16/31 MP: 0/0
  2426 | D:2      | Reached skill level 3 in Spellcasting
  2470 | D:2      | Found a faded altar of an unknown god.
  3266 | D:3      | Noticed Sigmund
  3280 | D:3      | Killed Sigmund
  3281 | D:3      | Reached skill level 4 in Spellcasting
  3281 | D:3      | Reached XP level 5. HP: 7/35 MP: 0/0
  3281 | D:3      | Learned a level 2 spell: Wereblood
  3281 | D:3      | Reached XP level 6. HP: 8/40 MP: 0/0
  3587 | D:3      | Noticed Ijyb
  3595 | D:3      | Killed Ijyb
  4469 | D:4      | Reached skill level 5 in Spellcasting
  4469 | D:4      | Reached XP level 7. HP: 40/45 MP: 0/0
  4469 | D:4      | Learned a level 3 spell: Portal Projectile
  5063 | D:4      | Found an iron altar of Okawaru.
  5141 | D:4      | Found a bloodstained altar of Trog.
  5412 | D:5      | Entered Level 5 of the Dungeon
  5412 | D:5      | Noticed Edmund
  5482 | D:4      | Slain by Edmund

Illustrated notes

Levels and vault maps discovered:
D:1:      minmay_arrival_four_loops, layout_basic, nrook_mini_vaults,
          dreamdust_princess_corridor, kennysheep_crisscross
D:2:      layout_loops_ring, nicolae_ecumenical_lake_church, basic_altar,
          minmay_domino_4
D:3:      layout_rooms, uniq_sigmund, uniq_ijyb
D:4:      layout_cave_pods, mainiacjoe_overflow_alcove_4, lightli_temple_of_fire
D:5:      layout_basic, minmay_fractal_squares_diagonal_5, uniq_edmund

Skill      XL: |  1  2  3  4  5  6 |
---------------+-------------------+-----
Stealth        | 2 |  2.6
Dodging        | 3 |  3.3
Spellcasting   | 4 5 |  5.3

Action                   |  1- 3 |  4- 6 |  7- 9 || total
-------------------------+-------+-------+-------++-------
Melee: Unarmed           |     1 |     1 |       ||     2
 Cast: Foxfire           |    65 |   117 |    29 ||   211
       Scorch            |    10 |     5 |     6 ||    21
       Slow              |       |     3 |     1 ||     4
       Conjure Flame     |       |       |     2 ||     2
Armor: Robe              |     1 |       |       ||     1
Dodge: Dodged            |    15 |     5 |       ||    20
